 Dungeon Crawl Stone Soup version 0.31.0-32-g396128a36d (webtiles) character file.

Game seed: 10292862470460952309

119 spaghetti the Caller (level 5, -1/42 HPs)
             Began as a Naga Summoner on Mar 9, 2024.
             Slain by a goblin
             ... wielding a +2 dagger of flaming
             ... led by Robin
              (5 damage)
             ... on level 3 of the Dungeon.
             The game lasted 00:04:46 (2802 turns).

spaghetti the Caller (Naga Summoner)                Turns: 2802, Time: 00:04:47

Health: -1/42      AC:  3    Str:  7 (10) XL:     5   Next: 3%
Magic:  10/10      EV: 10    Int: 15 (17) God:
Gold:   116        SH:  0    Dex: 19 (21) Spells: 1/10 levels left

rFire   . . .        k - +2 dagger "Gobics" {holy, *Noise rN+ Dex+9}
rCold   . . .        (no shield)
rNeg    + . .        a - +0 robe
rPois   +            (no helmet)
rElec   .            e - +0 cloak
rCorr   .            (no gloves)
SInv    +            (no barding)
Will    .....        c - amulet of magic regeneration
Stlth   +++          i - +4 ring of slaying
HPRegen 0.27/turn    (no ring)
MPRegen 0.52/turn

%: no passive effects
@: inugami summoned, very slow
A: AC +1, large, see invisible, deformed body, poison resistance, slowness 2,
spit poison 1, naga tail 1
a: Spit Poison


You were on level 3 of the Dungeon.
You visited 1 branch of the dungeon, and saw 3 of its levels.

You collected 116 gold pieces.

Inventory:

Hand Weapons
 k - the +2 dagger "Gobics" (weapon) {holy, *Noise rN+ Dex+9}
   (You found it on level 2 of the Dungeon)

   Dex+9:     It affects your dexterity (+9).
   rN+:       It protects you from negative energy.
   *Noise:    It may make a loud noise when swung.
Armour
 a - a +0 robe (worn)
 e - a +0 cloak (worn)
Jewellery
 c - an amulet of magic regeneration (around neck)
 i - a +4 ring of slaying (left hand)
 m - a ring of ice
Wands
 j - a wand of roots (2)
Scrolls
 d - a scroll of revelation {unknown}
 f - 2 scrolls of identify
 g - a scroll of torment
 h - 3 scrolls of teleportation
 l - 2 scrolls of fog {unknown}
 n - a scroll of poison {unknown}
Potions
 b - 2 potions of magic


   Skills:
 - Level 1.5 Dodging
 - Level 3.0 Stealth
 + Level 3.4 Spellcasting
 + Level 5.0 Summonings
 + Level 1.2 Fire Magic


You had one spell level left.
You knew the following spells:

 Your Spells              Type           Power      Damage    Failure   Level
a - Call Imp              Summ           34%        N/A       3%          2
b - Call Canine Familiar  Summ           17%        N/A       7%          3
c - Summon Blazeheart Go  Fire/Summ      11%        N/A       47%         4

Your spell library contained the following spells:

 Spells                   Type           Power      Damage    Failure   Level
 Summon Small Mammal      Summ           68%        N/A       2%          1
 Summon Lightning Spire   Summ/Air       10%        N/A       56%         4


Dungeon Overview and Level Annotations

Branches:
Dungeon (3/15)

Altars:
Dithmenos
Zin

Annotations:
D:3 Robin


Innate Abilities, Weirdness & Mutations

Your serpentine skin is tough. (AC +1)
You have supernaturally acute eyesight. (SInv)
Armour fits poorly on your strangely shaped body.
Your system is resistant to poisons. (rPois)
You cover ground very slowly.
You can spit poison.
You have a snake-like lower body.


Message History

The goblin hits your cerulean imp with a +0 dagger.
The goblin hits you with a +0 club.
The goblin barely misses your cerulean imp.
The goblin hits your cerulean imp with a +0 dagger.
Your cerulean imp barely misses the goblin.
The goblin misses your cerulean imp. The goblin hits you with a +0 club.
* * * LOW HITPOINT WARNING * * *
The goblin closely misses your cerulean imp.
The goblin barely misses your cerulean imp.
You hit the goblin.
The goblin is severely wounded.
The goblin no longer looks unusually strong.
Your cerulean imp completely misses the goblin.
The goblin barely misses your cerulean imp.
Robin roars a battlecry!
The goblin goes into a battle-frenzy!
The goblin barely misses you.
The goblin closely misses your cerulean imp.
The goblin barely misses your cerulean imp.
You closely miss the goblin.
The goblin is severely wounded.
Your cerulean imp disappears in a puff of smoke!
Robin throws the goblin at you!
* * * LOW HITPOINT WARNING * * *
The goblin hits you with a +0 club.
* * * LOW HITPOINT WARNING * * *
The goblin hits you with a +2 dagger of flaming.
* * * LOW HITPOINT WARNING * * *
The goblin burns you.
* * * LOW HITPOINT WARNING * * *
Your inugami closely misses the goblin.
Unknown command.
It was a potion of degeneration.
There was something very wrong with that liquid.
You feel weakened.
You feel dopey.
You feel clumsy.
The goblin no longer looks unusually strong.
The goblin completely misses your inugami.
The goblin closely misses you.
The goblin hits you with a +2 dagger of flaming.
You die...

## .... ... ## .#. #
..#.# .. ...#.g. .. #.
......g##### #.## #.
.....ggghg@# ..# #.
...###g###g# ... #. ##.
#.# #.# #. ##...##.###
#.# ######.
..._......####.###......
##...##.................
##. #...#..#..#.......
#. #...#..#..#.#####.
........#..#.# #.


You could see Robin, a hobgoblin, 5 goblins and a friendly inugami (summoned).

Vanquished Creatures
  An adder (D:3)
  A ribbon worm (D:3)
  A bat (D:2)
  2 endoplasms
  4 giant cockroaches
  2 goblins
  5 hobgoblins
  4 jackals
  2 quokkas (D:1)
  5 ball pythons
  A frilled lizard (D:1)
  3 kobolds (D:1)
  A rat (D:1)
32 creatures vanquished.

Vanquished Creatures (collateral kills)
  Ijyb (D:3)
  A dart slug (D:1)
  A ribbon worm (D:2)
  An orc (D:3)
  3 ball pythons
  2 endoplasms
  A giant cockroach (D:2)
  6 goblins
  5 hobgoblins
  4 jackals
  A quokka (D:1)
  A bat (D:2)
  3 frilled lizards
  A kobold (D:1)
  2 rats (D:1)
33 creatures vanquished.

Grand Total: 65 creatures vanquished

Notes
Turn   | Place    | Note
-------+----------+-------------------------------------------
     0 | D:1      | spaghetti the Naga Summoner began the quest for the Orb.
     0 | D:1      | Reached XP level 1. HP: 15/15 MP: 3/3
   198 | D:1      | Reached XP level 2. HP: 12/22 MP: 5/5
   789 | D:1      | Learned a level 2 spell: Call Imp
  1055 | D:1      | Reached XP level 3. HP: 28/28 MP: 4/7
  1059 | D:1      | Learned a level 3 spell: Call Canine Familiar
  1759 | D:2      | Found a faded altar of an unknown god.
  2051 | D:2      | Identified the +2 dagger "Gobics" {holy, *Noise rN+ Dex+9}
  2265 | D:2      | Reached XP level 4. HP: 28/36 MP: 2/8
  2274 | D:2      | Learned a level 4 spell: Summon Blazeheart Golem
  2484 | D:3      | Noticed Ijyb
  2508 | D:3      | Killed Ijyb
  2509 | D:3      | Reached skill level 5 in Summonings
  2526 | D:3      | Reached skill level 1 in Fire Magic
  2713 | D:3      | Found a shadowy altar of Dithmenos.
  2770 | D:3      | Found a glowing silver altar of Zin.
  2790 | D:3      | Noticed Robin
  2797 | D:3      | Reached XP level 5. HP: 21/42 MP: 10/10
  2802 | D:3      | Slain by a goblin

Illustrated notes

Levels and vault maps discovered:
D:1:      lightli_arrival_flooded_house, layout_basic, hex_tiny,
          chequers_arboretum
D:2:      layout_basic, ebering_ecumenical_altar_mist, grunt_decor_fettered
D:3:      layout_loops_cross, overflow_temple_1_default,
          nicolae_overflow_crystal_walls, portal_sewer_entry_e,
          kennysheep_generic_room_8, uniq_ijyb, uniq_robin

Skill      XL: |  1  2  3  4 |
---------------+-------------+-----
Spellcasting   | 3 |  3.4
Summonings     | 5 |  5.0
Fire Magic     | 1 |  1.2
Dodging        | |  1.5
Stealth        | |  3.0

Action                     |  1- 3 |  4- 6 || total
---------------------------+-------+-------++-------
  Melee: Unarmed           |   131 |       ||   131
         Dagger            |     6 |    28 ||    34
         Punch             |     1 |       ||     1
   Cast: Summon Small Mamm |    24 |       ||    24
         Call Imp          |    16 |     6 ||    22
         Call Canine Famil |    11 |     5 ||    16
Ability: Spit Poison       |     8 |     2 ||    10
    Use: Scroll            |     3 |     1 ||     4
         Potion            |       |     1 ||     1
   Stab: Sleeping          |     3 |     1 ||     4
         Distracted        |       |     1 ||     1
 Armour: Robe              |   118 |    32 ||   150
  Dodge: Dodged            |    84 |    20 ||   104
